 Dungeon Crawl Stone Soup version 0.26-a0-1181-gd376ed14c5 (webtiles) character file.

Game seed: 15527098320325265122

31371 HoaS the Brawler (level 13, -5/113 HPs)
             Began as a Ghoul Gladiator on Dec 25, 2020.
             Was the Champion of Makhleb.
             Slain by a six-headed hydra (10 damage)
             ... on level 3 of the Lair of Beasts.
             The game lasted 00:29:26 (10804 turns).

HoaS the Brawler (Ghoul Gladiator)                 Turns: 10804, Time: 00:29:26

Health: -5/113     AC: 20    Str: 23    XL:     13   Next: 57%
Magic:  12/12      EV: 10    Int:  3    God:    Makhleb [******]
Gold:   1814       SH:  0    Dex: 10    Spells: 12/12 levels left

rFire    . . .     SeeInvis .     - Unarmed
rCold    + + .     Faith    .   (no shield)
rNeg     + + +     Spirit   .   x - +0 plate armour
rPois    ∞         Reflect  .   b - +2 helmet
rElec    .         Harm     .   v - +2 cloak
rCorr    .         Rampage  .   (no gloves)
Will     .....                  (no boots)
Stlth    ..........             l - amulet of the acrobat
HPRegen  0.00/turn              t - ring of protection from cold
MPRegen  0.13/turn              (no ring)

@: about to teleport
A: claws 1, cold resistance 1, negative energy resistance 3, inhibited
regeneration, torment resistance, unbreathing
a: Renounce Religion, Minor Destruction, Lesser Servant of Makhleb, Major
Destruction, Greater Servant of Makhleb


You were on level 3 of the Lair of Beasts.
You worshipped Makhleb.
Makhleb was exalted by your worship.
You visited 3 branches of the dungeon, and saw 17 of its levels.
You also visited: Sewer and Gauntlet.

You collected 1814 gold pieces.

Inventory:

Missiles
 a - 9 javelins
 c - 3 throwing nets (quivered)
 s - 40 poisoned darts
 w - 14 boomerangs
Armour
 b - a +2 helmet (worn)
 v - a +2 cloak (worn)
 x - a +0 plate armour (worn)
Jewellery
 l - an amulet of the acrobat (around neck)
 t - a ring of protection from cold (left claw)
Wands
 d - a wand of random effects (21)
 g - a wand of polymorph (17)
 k - a wand of digging (1)
 r - a wand of flame (28)
 u - a wand of iceblast (5)
 z - a wand of enslavement (14)
Scrolls
 e - 6 scrolls of teleportation
 h - 4 scrolls of remove curse
 q - a scroll of identify
 y - a scroll of fear
Potions
 f - 2 potions of resistance
 i - 2 potions of invisibility
 j - 2 potions of magic {unknown}
 m - 4 potions of heal wounds {unknown}
 o - 2 potions of brilliance {unknown}
 p - 2 potions of flight {unknown}


   Skills:
 + Level 10.1 Fighting
 - Level 1.7 Throwing
 + Level 8.2 Armour
 + Level 8.9 Dodging
 * Level 17.9 Unarmed Combat


You had 12 spell levels left.
You didn't know any spells.
Your spell library contained the following spells:

 Spells                   Type           Power        Failure   Level
 Beastly Appendage        Tmut           Unusable     N/A         1
 Wereblood                Tmut           Unusable     N/A         2
 Spider Form              Tmut/Pois      Unusable     N/A         3
 Ice Form                 Ice/Tmut       Unusable     N/A         4
 Blade Hands              Tmut           Unusable     N/A         5

Dungeon Overview and Level Annotations

Branches:
Dungeon (11/15)            Temple (1/1) D:5            Lair (6/6) D:11
  Swamp (0/4) Lair:2       Spider (0/4) Lair:2          Orc (0/2) D:11
  Sewer (visited)         Gauntlet (visited)
  Slime: Lair:5-6

Altars:
Ashenzari
Cheibriados
Dithmenos
Elyvilon
Fedhas
Gozag
Hepliaklqana
Kikubaaqudgha
Makhleb
Nemelex Xobeh
Okawaru
Ru
Sif Muna
Trog
Uskayaw
Vehumet
Wu Jian
Xom
Yredelemnul
Zin
The Shining One

Shops:
D:7 }   D:11 (

Portals:
Abyss: D:10

Annotations:
D:10 2 transporters, emiel's ghost, novice DsWn
Lair:1 exclusion: oklob plant


Innate Abilities, Weirdness & Mutations

You thrive by killing the living.
You are immune to poison.
You have sharp fingernails.
Your flesh is cold resistant. (rC+)
You are immune to negative energy. (rN+++)
You do not regenerate when monsters are visible.
You are immune to unholy pain and torment.
You can survive without breathing.


Message History

The blink frog blinks!
The six-headed hydra bites you but does no damage.
The six-headed hydra barely misses you.
The six-headed hydra bites you but does no damage.
The six-headed hydra misses you.
The six-headed hydra bites you but does no damage. x2
You feel better.
The blink frog blinks!
The cane toad barely misses you. The six-headed hydra bites you!
* * * LOW HITPOINT WARNING * * *
The six-headed hydra bites you but does no damage. x3
The six-headed hydra bites you.
* * * LOW HITPOINT WARNING * * *
The six-headed hydra bites you but does no damage.
A six-headed hydra comes into view.
As you read the scroll of teleportation, it crumbles to dust.
You feel strangely unstable.
The cane toad stings you but does no damage.
The blink frog closely misses you. The blink frog misses you.
The six-headed hydra bites you!
You die...

##.......P.#
###......####
#.......(##
.##......<#
..........#
..........#
..........##
#..........##
##.......@F.#
#P......FDF.#
##..?....SS##
##.....F..$
#......§...
##........!.
#.F.........
#P...D....F.#


You could see 2 six-headed hydras, 2 black mambas, a cane toad and 5 blink
frogs.

Vanquished Creatures
  2 boulder beetles (D:11)
  5 hydras
  A queen ant (Lair:2)
  An ugly thing (D:11)
  4 elephants
  A torpor snail (Lair:6)
  4 black mambas
  A gargoyle (D:11)
  6 cane toads
  A rime drake (Lair:5)
  5 komodo dragons
  A troll (D:11)
  12 blink frogs
  4 dream sheep (Lair:6)
  4 wyverns
  A shadow (D:11)
  A steam dragon (D:10)
  24 yaks
  A basilisk (Lair:5)
  20 soldier ants (Lair:2)
  14 water moccasins
  2 ice beasts
  2 sky beasts
  4 black bears
  4 orc warriors
  A necrophage (D:10)
  4 phantoms
  17 wolves
  5 ogres
  10 centaurs
  15 bullfrogs
  2 big kobolds
  2 scorpions (D:6)
  A troll zombie (D:11)
  A wyvern skeleton (D:7)
  4 wights (D:11)
  An electric eel (Lair:2)
  2 bullfrog zombies
  A quasit (D:7)
  A centaur zombie (D:5)
  3 orc priests
  3 hounds
  5 orc wizards
  A jelly (D:10)
  3 centaur skeletons
  2 bullfrog skeletons
  Jessica (D:3)
  An iguana (D:11)
  30 worker ants
  Terence (D:3)
  5 ogre zombies (D:11)
  3 hound skeletons
  A worker ant zombie (D:8)
  6 adders
  11 gnolls
  2 river rats
  2 white imps
  4 worms
  2 dart slugs
  6 leopard geckos
  27 orcs
  5 giant cockroaches
  5 goblins (D:1)
  8 hobgoblins
  10 jackals
  13 kobolds
  3 quokkas
  A ball python (D:4)
  11 bats
  4 frilled lizards
  A goblin skeleton (D:11)
  2 goblin zombies (D:11)
  2 hobgoblin skeletons (D:11)
  A jackal skeleton (D:4)
  2 leopard gecko skeletons
  2 orc skeletons (D:11)
  12 orc zombies (D:11)
  A quokka skeleton (D:4)
  7 rats
401 creatures vanquished.

Vanquished Creatures (others)
  21 fungi
  85 plants
106 creatures vanquished.

Grand Total: 507 creatures vanquished

Notes
Turn   | Place    | Note
-------+----------+-------------------------------------------
     0 | D:1      | HoaS the Ghoul Gladiator began the quest for the Orb.
     0 | D:1      | Reached XP level 1. HP: 17/17 MP: 0/0
   100 | D:1      | Reached XP level 2. HP: 21/24 MP: 1/1
   125 | D:1      | Reached skill level 4 in Unarmed Combat
   341 | D:1      | Reached XP level 3. HP: 29/29 MP: 2/2
   724 | D:1      | Reached skill level 5 in Unarmed Combat
  1240 | D:2      | Reached skill level 5 in Dodging
  1240 | D:2      | Reached skill level 7 in Unarmed Combat
  1240 | D:2      | Reached XP level 4. HP: 42/44 MP: 3/3
  1241 | D:2      | Reached skill level 5 in Armour
  1241 | D:2      | Reached skill level 9 in Unarmed Combat
  1241 | D:2      | Reached XP level 5. HP: 49/52 MP: 4/4
  1337 | D:2      | Reached skill level 10 in Unarmed Combat
  1359 | D:2      | Reached XP level 6. HP: 60/60 MP: 5/5
  1837 | D:3      | Noticed Terence
  1839 | D:3      | Noticed Jessica
  1844 | D:3      | Killed Terence
  1847 | D:3      | Killed Jessica
  2933 | D:5      | Entered Level 5 of the Dungeon
  2940 | D:5      | Reached XP level 7. HP: 65/66 MP: 6/6
  3111 | D:5      | Found a staircase to the Ecumenical Temple.
  3291 | D:5      | Found a glowing drain.
  3307 | Sewer    | Entered a sewer
  3416 | Sewer    | Found a glowing silver altar of Zin.
  3514 | Temple   | Entered the Ecumenical Temple
  3711 | Temple   | Became a worshipper of Makhleb the Destroyer
  3788 | D:5      | Reached XP level 8. HP: 73/73 MP: 7/7
  3972 | D:6      | Reached skill level 11 in Unarmed Combat
  4280 | D:6      | Reached XP level 9. HP: 79/79 MP: 8/8
  4334 | D:7      | Found Quuttesa's Gadget Emporium.
  4385 | D:7      | Reached * piety under Makhleb
  4518 | D:7      | Reached skill level 12 in Unarmed Combat
  4773 | D:7      | Reached ** piety under Makhleb
  4987 | D:7      | Found a shimmering altar of Xom.
  5165 | D:8      | You fall into a shaft and drop 2 floors!
  5165 | D:10     | Entered Level 10 of the Dungeon
  5177 | D:10     | Reached skill level 13 in Unarmed Combat
  5197 | D:10     | Reached XP level 10. HP: 84/86 MP: 9/9
  5513 | D:10     | Found a transporter.
  5519 | D:10     | Noticed a toenail golem
  5532 | D:10     | Found a transporter.
  5547 | D:10     | Found a one-way gate to the infinite horrors of the Abyss.
  5549 | D:10     | Noticed a great orb of eyes
  5549 | D:10     | Noticed emiel's ghost (novice DsWn)
  5678 | D:11     | Found a gate leading to a gauntlet.
  5678 | D:11     | Noticed an eight-headed hydra
  5683 | D:11     | Killed an eight-headed hydra
  5684 | D:11     | Reached skill level 14 in Unarmed Combat
  5692 | Gauntlet | Entered a Gauntlet
  5692 | Gauntlet | Found a transporter.
  5695 | Gauntlet | Noticed a smoke demon
  5701 | Gauntlet | Found a transporter.
  5716 | Gauntlet | Found a transporter.
  5721 | Gauntlet | Found a transporter.
  5723 | Gauntlet | Noticed a thrashing horror
  5724 | Gauntlet | Noticed a wolf spider
  5730 | Gauntlet | Noticed an entropy weaver
  5738 | Gauntlet | Found a transporter.
  5756 | Gauntlet | Found a transporter.
  5757 | Gauntlet | Noticed a thrashing horror
  5768 | Gauntlet | Found a transporter.
  5774 | Gauntlet | Found a transporter.
  5775 | Gauntlet | Noticed a green death
  5780 | Gauntlet | Noticed an orange demon
  5785 | Gauntlet | Found a large runed translucent door.
  5786 | Gauntlet | Found a large runed translucent door.
  5787 | Gauntlet | Found a large runed translucent door.
  5787 | Gauntlet | Found a large runed translucent door.
  5788 | Gauntlet | Found a runed translucent gate.
  5789 | Gauntlet | Found a transporter.
  5789 | Gauntlet | Found a runed translucent gate.
  5789 | Gauntlet | Noticed a ghost crab
  5790 | Gauntlet | Found a runed translucent gate.
  5791 | Gauntlet | Found a large runed translucent door.
  5791 | Gauntlet | Found a large runed translucent door.
  5792 | Gauntlet | Found a large runed translucent door.
  5793 | Gauntlet | Found a large runed translucent door.
  5801 | Gauntlet | Found a transporter.
  5803 | Gauntlet | Found a large runed translucent door.
  5803 | Gauntlet | Found a large runed translucent door.
  5803 | Gauntlet | Found a runed translucent door.
  5803 | Gauntlet | Found a runed translucent door.
  5804 | Gauntlet | Found a large runed translucent door.
  5805 | Gauntlet | Found a large runed translucent door.
  5807 | Gauntlet | Found a transporter.
  5807 | Gauntlet | Found a transporter.
  5818 | Gauntlet | Noticed a gargoyle
  5821 | Gauntlet | Noticed a molten gargoyle
  5822 | Gauntlet | Noticed a catoblepas
  5824 | Gauntlet | Noticed a gargoyle
  5825 | Gauntlet | Found a transporter.
  5839 | Gauntlet | Found a transporter.
  5859 | Gauntlet | Found a transporter.
  5884 | Gauntlet | Found a transporter.
  5886 | Gauntlet | Found a transporter.
  5906 | Gauntlet | Found a transporter.
  5992 | Gauntlet | Found a large runed translucent door.
  5992 | Gauntlet | Found a large runed translucent door.
  5993 | Gauntlet | Found a large runed translucent door.
  5994 | Gauntlet | Found a large runed translucent door.
  6187 | D:11     | Found a staircase to the Orcish Mines.
  6259 | D:11     | Reached *** piety under Makhleb
  6336 | D:11     | Found Raot Usa's Antique Weapon Shop.
  6391 | D:11     | Noticed a cyan ugly thing
  6414 | D:11     | Killed a cyan ugly thing
  6415 | D:11     | Reached XP level 11. HP: 51/92 MP: 10/10
  6420 | D:11     | Got a twisted ring mail
  6421 | D:11     | Identified the +3 ring mail "Kownue Hieh" {-Tele rN++ Will+
                  | Dex+2} (You found it on level 11 of the Dungeon)
  6603 | D:11     | Noticed a boulder beetle
  6831 | D:11     | Killed a boulder beetle
  6832 | D:11     | Reached skill level 15 in Unarmed Combat
  6938 | D:11     | Noticed a boulder beetle
  6950 | D:11     | Killed a boulder beetle
  7220 | D:11     | Reached **** piety under Makhleb
  7347 | D:11     | Identified a scroll of acquirement
  7347 | D:11     | Acquired 813 gold pieces
  7438 | D:11     | Found a staircase to the Lair.
  7580 | Lair:1   | Entered Level 1 of the Lair of Beasts
  7601 | Lair:1   | Reached skill level 16 in Unarmed Combat
  7624 | Lair:1   | You fall into a shaft and drop 1 floor!
  7625 | Lair:2   | Noticed a queen ant
  7654 | Lair:2   | Killed a queen ant
  7655 | Lair:2   | Found a hole to the Spider Nest.
  7908 | Lair:1   | Noticed a seven-headed hydra
  8282 | Lair:1   | Killed a seven-headed hydra
  8470 | Lair:1   | Reached XP level 12. HP: 101/101 MP: 11/11
  9004 | Lair:2   | Found a staircase to the Swamp.
  9011 | Lair:2   | Noticed an eight-headed hydra
  9030 | Lair:2   | Killed an eight-headed hydra
  9073 | Lair:2   | Reached ***** piety under Makhleb
  9131 | Lair:2   | Reached skill level 17 in Unarmed Combat
 10104 | Lair:3   | Reached XP level 13. HP: 111/111 MP: 12/12
 10296 | Lair:3   | You fall into a shaft and drop 3 floors!
 10296 | Lair:6   | Entered Level 6 of the Lair of Beasts
 10309 | Lair:6   | Found the +9 heavy crossbow "Sniper" {vorpal, Acc+∞ SInv}
 10527 | Lair:5   | Reached skill level 10 in Fighting
 10589 | Lair:4   | Reached ****** piety under Makhleb
 10803 | Lair:3   | HP: 5/113 [six-headed hydra (2)]
 10804 | Lair:3   | Slain by a six-headed hydra

Illustrated notes

Levels and vault maps discovered:
D:1:      kennysheep_arrival_forest, layout_loops_ring, minmay_box_of_dots
D:2:      layout_rooms, serial_forest, infiniplex_forest_join,
          infiniplex_forest_end_double, infiniplex_forest_end_2,
          infiniplex_forest_straight_4, infiniplex_forest_lined_3,
          infiniplex_forest_lined_2, infiniplex_forest_straight_2,
          infiniplex_forest_straight_3, infiniplex_forest_straight_4
D:3:      layout_rooms, uniq_jessica, uniq_terence
D:4:      layout_loops_corners, saegor_snake_ambush
D:5:      layout_gridville, minmay_temple_entry_mini_moons,
          cheibrodos_sewer_entry_sluice, kennysheep_generic_room_4
D:6:      layout_rooms
D:7:      layout_basic, serial_shops, nicolae_shop_trees, xom_teletrap_fun
D:8:      layout_basic, kennysheep_mini_moat, ebering_ghost_disaster_area,
          minmay_hedge_maze
D:10:     layout_rooms, gammafunk_ghost_abyssal_escape
D:11:     layout_roguey, david_lair_shrubbed, zombieorc1_lemuel, serial_shops,
          shop, gauntlet_entry_generic
Temple:   kilobyte_greek_temple
Lair:1:   layout_roguey, minmay_lair_oklob_items
Lair:2:   layout_gridlike, swamp_mist_pool, spider_nest_entry_web_field,
          zaba_anthell, infiniplex_staircase_pool_2, serial_bayou_shore_a
Lair:3:   layout_cave_shapes
Lair:4:   layout_gridlike, wad_woods_road_03, chequers_serial_rivers_micro_d
Lair:5:   layout_regular_city, slime_altar_1, grunt_megastairs_1, uniq_sonja
Lair:6:   guppyfry_lair_end_dragon, layout_long_grid, hangedman_lair_in_review,
          lemuel_fruit_fields

Skill      XL: |  1  2  3  4  5  6  7  8  9 10 11 12 13 |
---------------+----------------------------------------+-----
Unarmed Combat | 4 7 9 10 11 13 14 16 17 | 17.9
Fighting       | 6 7 8 9 10 | 10.1
Armour         | 4 5 6 7 8 |  8.2
Dodging        | 5 6 7 8 |  8.9
Throwing       | |  1.7

Action                   |  1- 3 |  4- 6 |  7- 9 | 10-12 | 13-15 || total
-------------------------+-------+-------+-------+-------+-------++-------
Melee: Unarmed           |   101 |   104 |   339 |   709 |   183 ||  1436
       Punch             |     2 |     3 |    10 |    48 |     9 ||    72
Evoke: Wand              |       |       |       |     8 |       ||     8
  Use: Scroll            |     3 |     6 |     3 |    12 |     2 ||    26
       Potion            |     1 |     1 |       |     6 |     2 ||    10
Armor: Leather armour    |    16 |    12 |       |       |       ||    28
       Scale mail        |       |    11 |    38 |       |       ||    49
       Chain mail        |       |       |    83 |       |       ||    83
       Plate armour      |       |       |    34 |   334 |   144 ||   512
Dodge: Dodged            |    55 |    60 |   174 |   370 |   117 ||   776

Table legend: (Time is in decaauts)
 A = Elapsed time spent in this place.
 B = Non-inter-level travel time spent in this place.
 C = Inter-level travel time spent in this place.
 D = Time resting spent in this place.
 E = Time spent auto-exploring this place.
 F = Levels seen in this place.
 G = Mean time per level.
                   A        B        C        D        E       F      G
               +--------+--------+--------+--------+--------+-----+--------+
         Total |  10498 |  10034 |    464 |   1692 |   5814 |  19 |  552.5 |
       Dungeon |   6637 |   6271 |    366 |   1027 |   3832 |  10 |  663.7 |
        Temple |    229 |    170 |     59 |      0 |    168 |   1 |  229.0 |
          Lair |   3047 |   3008 |     39 |    665 |   1395 |   6 |  507.8 |
         Sewer |    169 |    169 |      0 |      0 |    114 |   1 |  169.0 |
      Gauntlet |    413 |    413 |      0 |      0 |    305 |   1 |  413.0 |
               +--------+--------+--------+--------+--------+-----+--------+

Top non-repeatable levels by time:
    D:11: 1480 daAuts
  Lair:2: 1201 daAuts
  Lair:1: 1173 daAuts
     D:1: 985 daAuts
     D:4: 816 daAuts
     D:2: 811 daAuts
     D:7: 735 daAuts
     D:5: 529 daAuts
     D:6: 464 daAuts
    D:10: 438 daAuts
Gauntlet: 413 daAuts
  Lair:3: 355 daAuts
     D:3: 318 daAuts
  Temple: 229 daAuts
   Sewer: 169 daAuts
